 Dungeon Crawl Stone Soup version 0.29.0-4-gdea44cf6ec (webtiles) character file.

Game seed: 11780341876236253699

487 inmateoo the Chopper (level 6, -4/53 (56) HPs)
             Began as a Minotaur Fighter on Aug 27, 2022.
             Slain by a wight
             ... wielding a +4 trident of freezing
              (6 damage)
             ... on level 4 of the Dungeon.
             The game lasted 00:03:01 (4068 turns).

inmateoo the Chopper (Minotaur Fighter)             Turns: 4068, Time: 00:03:02

HP:   -4/53 (56)    AC: 15    Str: 20    XL:     6   Next: 89%
MP:   5/5           EV:  8    Int:  5    God:
Gold: 167           SH:  5    Dex: 16    Spells: 5/5 levels left

rFire   . . .      SeeInvis +   a - +1 war axe
rCold   . . .      Faith    .   c - +0 buckler
rNeg    . . .      Spirit   .   j - +0 chain mail
rPois   .          Reflect  .   (helmet restricted)
rElec   .          Harm     .   (no cloak)
rCorr   .          Rampage  .   l - +0 pair of gloves
Will    .....                   (no boots)
Stlth   ..........              (no amulet)
HPRegen 0.17/turn               b - ring "Woliup" {*Corrode AC+4 Dex+4 SInv}
MPRegen 0.09/turn               (no ring)

@: studying Ranged Weapons, drained
A: horns 2, retaliatory headbutt
a: no special abilities


You were on level 4 of the Dungeon.
You visited 1 branch of the dungeon, and saw 4 of its levels.

You collected 167 gold pieces.

Inventory:

Hand Weapons
 a - a +1 war axe (weapon)
 f - a +0 hand axe of freezing
Missiles
 e - a throwing net (quivered)
Armour
 c - a +0 buckler (worn)
 j - a +0 chain mail (worn)
 l - a +0 pair of gloves (worn)
Jewellery
 b - the ring "Woliup" (left hand) {*Corrode AC+4 Dex+4 SInv}
   (You acquired it on level 2 of the Dungeon)

   [ring of protection]

   AC:        It affects your AC (+4).
   Dex:       It affects your dexterity (+4).
   SInv:      It lets you see invisible.
   *Corrode:  It may corrode you when you take damage.
 h - a ring of positive energy
Wands
 m - a wand of acid (19)
Scrolls
 k - 4 scrolls of identify
 n - a scroll of magic mapping {unknown}
 p - 3 scrolls of teleportation {unknown}
Potions
 d - 3 potions of might
 g - 2 potions of berserk rage
 i - 3 potions of heal wounds
 o - a potion of magic {unknown}


   Skills:
 + Level 5.1 Fighting
 * Level 5.6 Axes
 + Level 4.9 Armour
 + Level 2.9 Dodging
 + Level 5.0 Shields


You had 5 spell levels left.
You didn't know any spells.
Your spell library was empty.

Dungeon Overview and Level Annotations

Branches:
Dungeon (4/15)
 Temple: D:4-7

Altars:
Cheibriados
Ru


Innate Abilities, Weirdness & Mutations

You have a pair of horns on your head.
You reflexively headbutt those who attack you in melee.


Message History

No target in view!
You now have 167 gold pieces (gained 17).
A wight is nearby!
A wight is nearby!
The wight barely misses you.
You hit the wight.
The wight is lightly damaged.
The wight hits you with a +4 trident of freezing.
The wight freezes you.
You slash the wight!
The wight is severely damaged.
The wight hits you with a +4 trident of freezing.
The wight freezes you.
You closely miss the wight. Your headbutt misses the wight.
The wight is severely damaged.
The wight hits you with a +4 trident of freezing.
The wight freezes you. The wight barely misses you.
You hit the wight but do no damage. Your headbutt misses the wight.
The wight is severely damaged.
You hit the wight.
The wight hits you with a +4 trident of freezing.
The wight freezes you.
The wight hits you with a +2 vorpal mace.
You feel drained.
You are too injured to fight recklessly!
You are too injured to fight recklessly!
You closely miss the wight.
The wight is severely damaged.
You barely miss the wight.
The wight hits you with a +4 trident of freezing.
You feel drained. The wight freezes you.
* * * LOW HITPOINT WARNING * * *
The wight barely misses you.
You closely miss the wight. Your headbutt misses the wight.
The wight is lightly damaged.
You barely miss the wight.
The wight hits you with a +4 trident of freezing!
* * * LOW HITPOINT WARNING * * *
The wight freezes you.
You die...

####...#####.# #..
#...# #.# ##. #...#
#.# #. #.[)# #.# #.
#.[.# #.# ## #...#
#.#######
#####...#####.#......
#...........#.#......
#...@.........#......
#..zz.......#.#......
#......####.##.#......
#......# #<##.#......
#......# #.####......
#......# #)# #......
#......####.########.#
#......#...........#..
.....#...........#.#


You could see 2 wights.

Vanquished Creatures
  A wight (D:4)
  A howler monkey (D:4)
  A hound (D:4)
  3 orc priests (D:3)
  Jessica (D:2)
  2 orc wizards
  6 gnolls
  An adder (D:4)
  2 worms
  2 dart slugs (D:2)
  18 orcs
  4 ball pythons
  7 bats
  8 endoplasms
  2 giant cockroaches
  7 goblins
  7 hobgoblins
  8 jackals
  3 quokkas
  5 frilled lizards
  11 kobolds
  13 rats
113 creatures vanquished.

Vanquished Creatures (others)
  A fungus (D:2)
  2 plants (D:2)
3 creatures vanquished.

Grand Total: 116 creatures vanquished

Notes
Turn   | Place    | Note
-------+----------+-------------------------------------------
     0 | D:1      | inmateoo the Minotaur Fighter began the quest for the Orb.
     0 | D:1      | Reached XP level 1. HP: 19/19 MP: 0/0
   193 | D:1      | Reached XP level 2. HP: 27/27 MP: 1/1
   535 | D:1      | Reached XP level 3. HP: 31/33 MP: 2/2
   838 | D:1      | Reached skill level 1 in Dodging
   998 | D:2      | Noticed Jessica
  1003 | D:2      | Killed Jessica
  1100 | D:2      | Reached XP level 4. HP: 40/40 MP: 3/3
  1284 | D:2      | Found a sacrificial altar of Ru.
  1316 | D:2      | Found a faded altar of an unknown god.
  1553 | D:2      | Identified a scroll of acquirement
  1554 | D:2      | Acquired the ring "Woliup" {*Corrode AC+4 Dex+4 SInv}
  2087 | D:3      | Reached XP level 5. HP: 47/47 MP: 4/4
  2933 | D:4      | Reached XP level 6. HP: 35/53 MP: 5/5
  2937 | D:4      | Reached skill level 5 in Axes
  3377 | D:4      | Found a snail-covered altar of Cheibriados.
  3584 | D:4      | Reached skill level 5 in Fighting
  3596 | D:3      | Reached skill level 5 in Shields
  4068 | D:4      | HP: 2/53 [wight/+4 trident of freezing (12)]
  4068 | D:4      | Slain by a wight

Illustrated notes

Levels and vault maps discovered:
D:1:      lightli_arrival_statuegarden, layout_loops_corners,
          minmay_tetromino_o4
D:2:      layout_rooms, shapermc_ecumenical_altar_hornbeckon, basic_altar,
          uniq_jessica
D:3:      layout_basic, hangedman_feature_mirror, minivault_27,
          hangedman_abyss_or_decor_stabs
D:4:      layout_basic, cheibriados_altar_1

Skill      XL: |  1  2  3  4  5  6 |
---------------+-------------------+-----
Axes           | 3 4 5 |  5.6
Fighting       | 4 5 |  5.1
Dodging        | 1 2 |  2.9
Armour         | 4 |  4.9
Shields        | 4 5 |  5.0

Action                   |  1- 3 |  4- 6 || total
-------------------------+-------+-------++-------
Melee: War axe           |    98 |   164 ||   262
       Headbutt          |     8 |    25 ||    33
  Use: Scroll            |     2 |     5 ||     7
Armor: Scale mail        |    61 |       ||    61
       Chain mail        |     6 |    94 ||   100
Dodge: Dodged            |    46 |    52 ||    98
Block: Buckler           |    20 |    52 ||    72
